[Event "Open Mancomunitat de la Ribera Alta (Sumacàrcer)"]
[Site "Sumacàrcer, Spain"]
[Date "2018.11.18"]
[Round "1.1"]
[White "Plaskett, H James"]
[Black "Minguez Piquer, Joaquim"]
[Result "1-0"]
[TimeControl "5m+3s"]
[WhiteElo "2490"]
[BlackElo "1786"]

1. Nc3 Nc6 2. Nf3 Nf6 3. d3 d5 4. g3 Bg4 5. Bg2 e6 6. h3 Bh5 7. e3 a6 8. a3 Bd6 9. O-O Ne5 10. b3 c5 11. Bb2 Qc7 12. Qe2 O-O 13.
Nb1 b5 14. Nbd2 Rac8 15. a4 c4 16. Bxe5 Bxe5 17. d4 Bd6 18. axb5 axb5 19. bxc4 bxc4 20. e4 c3 21. e5 Bb4 22.
Nb3 Ne4 23. Rfb1 Be7 24. Qe3 Bxf3 25.
Bxf3 Bg5 26. Qd3 Nd2 27. Nxd2 cxd2 28.
h4 Bh6 29. Bd1 f6 30. Ra6 fxe5 31. Rxe6 e4 32. Qe2 Qc3 33.
Rb3 Qxd4 34. Kg2 Rc3 35.
Rxc3 Qxc3 36. Qg4 e3 37.
Rxh6 exf2 38. Kf1 Qe3 39. Qe6+ Kh8 40. Qxe3 1-0

[Event "Open Mancomunitat de la Ribera Alta (Sumacàrcer)"]
[Site "Sumacàrcer, Spain"]
[Date "2018.11.18"]
[Round "1.2"]
[White "Carmona Huertas, Juan Antonio"]
[Black "Kovacevic, Slobodan"]
[Result "0-1"]
[TimeControl "5m+3s"]
[WhiteElo "1784"]
[BlackElo "2455"]

1. e4 c5 2. Nf3 e6 3. d4 cxd4 4.
Nxd4 a6 5. Be2 Nf6 6. Nc3 Qc7 7. O-O d6 8. Be3 b5 9.
a3 Bb7 10. f3 Nbd7 11. Nb3 Be7 12. Qe1 O-O 13. Qf2 Rac8 14. g4 Ne5 15. Bb6 Qb8 16. Na5 Nfd7 17.
Nxb7 Qxb7 18. Be3 Nc4 19. Bxc4 bxc4 20. Rab1 Ne5 21.
h3 Rfe8 22. f4 Nd7 23. Rfd1 Rb8 24.
Bd4 Qc6 25. Qg2 Rec8 26. Ne2 Rb7 27.
Bc3 Nc5 28. Ng3 Bh4 29. Nh5 g6 30. Nf6+ Bxf6 31. Bxf6 Nxe4 32. Bd4 f5 33. gxf5 exf5 34. h4 Kf7 35.
Kh2 Rg8 36. Re1 Qe8 37. Qf1 d5 38. b3 cxb3 39. Qxa6 Qe7 40. Rxe4 fxe4 41. cxb3 Qxh4+ 42. Kg2 Qg4+ 43. Kh1 Qh4+ 44. Kg2 Rd7 45. Qc6 Qg4+ 46. Kh1 Qe6 47. Qc3 Re7 48.
b4 Rc8 49. Qe3 Qg4 50. b5 Rc2 {Bandera} 0-1

[Event "Open Mancomunitat de la Ribera Alta (Sumacàrcer)"]
[Site "Sumacàrcer, Spain"]
[Date "2018.11.18"]
[Round "1.3"]
[White "Campos Gambuti, Luis Maria"]
[Black "Varazdatyan, Narek"]
[Result "1-0"]
[TimeControl "5m+3s"]
[WhiteElo "2432"]
[BlackElo "1783"]

1. d4 e5 2. dxe5 Nc6 3. Bf4 Qe7 4. Nf3 Qb4+ 5. Bd2 Qxb2 6. Nc3 Nb4 7. Nd4 c6 8. a3 Bc5 9. Rb1 Qxa3 10. Nb3 Nd5 11. Ra1 Qb2 12. Nxd5 cxd5 13. Nxc5 Qxe5 14. Nd3 Qc7 15. g3 Nf6 16. Bg2 O-O 17. O-O b6 18. c4 Bb7 19. cxd5 Bxd5 20. Bxd5 Nxd5 21. Qb3 Nf6 22. Rfc1 Qb7 23. Nf4 Ne4 24. Bb4 Rfe8 25. Qd5 Qxd5 26. Nxd5 Re5 27. Nxb6 Rb8 28.
Nxd7 1-0

[Event "Open Mancomunitat de la Ribera Alta (Sumacàrcer)"]
[Site "Sumacàrcer, Spain"]
[Date "2018.11.18"]
[Round "1.4"]
[White "Najarro Garcia, Jose Maria"]
[Black "Granero Roca, Antonio"]
[Result "0-1"]
[TimeControl "5m+3s"]
[WhiteElo "1766"]
[BlackElo "2372"]

1. e4 c5 2. Nf3 Nc6 3. Nc3 g6 4. Bc4 Bg7 5. O-O d6 6.
h3 Nf6 7. d3 O-O 8. Be3 a6 9.
a4 Bd7 10. Qd2 Rc8 11. Rab1 e6 12.
Ne2 Ne5 13. Nxe5 dxe5 14. Bg5 Bxa4 15.
b4 cxb4 16. Rxb4 Bc6 17. f4 Nxe4 18.
Bxd8 Nxd2 19. Rd1 Nxc4 20. Rxc4 Rfxd8 21. fxe5 Bxe5 22. d4 Bg7 23. c3 Bb5 24.
Rxc8 Rxc8 25. Kf2 Bxe2 26. Kxe2 Rxc3 27. Rb1 b5 28.
Ra1 Rc6 29. Rd1 a5 30. d5 exd5 31. Rxd5 Rb6 32. Rd8+ Bf8 33. Kd3 Rd6+ 0-1

[Event "Open Mancomunitat de la Ribera Alta (Sumacàrcer)"]
[Site "Sumacàrcer, Spain"]
[Date "2018.11.18"]
[Round "1.6"]
[White "Barberan Perez, Guillermo"]
[Black "Cruz Lledo, Pablo"]
[Result "0-1"]
[TimeControl "5m+3s"]
[WhiteElo "1736"]
[BlackElo "2335"]

1. e4 c6 2. d4 d5 3. Nd2 dxe4 4. Nxe4 Nf6 5. Nxf6+ gxf6 6. Nf3 Bg4 7. Be2 e6 8. h3 Bh5 9. O-O Nd7 10. c4 Qc7 11. Be3 Rg8 12. Kh1 f5 13. Qd2 Nf6 14. Ne5 Bxe2 15. Qxe2 Bd6 16. Bf4 c5 17. d5 O-O-O 18. dxe6 fxe6 19. Rfd1 Ne4 20. f3 Bxe5 21. Bxe5 Qxe5 22. fxe4 fxe4 23. Re1 Rd4 24. b3 Rg3 25. Rad1 e3 26. Rd3 Rxd3 27. Qxd3 Qf5 28. Qxf5 exf5 29. Kh2 f4 30. Re2 Kd7 31. a3 Ke6 32. b4 cxb4 33. axb4 Ke5 34. Ra2 a6 35. Ra5+ Kd4 36. b5 e2 37. Ra1 Re3 38. Re1 Kxc4 39. bxa6 bxa6 0-1

[Event "Open Mancomunitat de la Ribera Alta (Sumacàrcer)"]
[Site "Sumacàrcer, Spain"]
[Date "2018.11.18"]
[Round "1.7"]
[White "Garcia Vasquez, Jhoel"]
[Black "Medina Calero, Francisco"]
[Result "1-0"]
[TimeControl "5m+3s"]
[WhiteElo "2298"]
[BlackElo "1724"]

1. e4 e5 2. Nf3 d6 3. d4 exd4 4. Qxd4 Qf6 5. Qd3 Nc6 6. Nc3 Be6 7. Nd5 Bxd5 8. exd5 Ne5 9. Qb5+ c6 10. Qxb7 Nxf3+ 11. gxf3 Qe7+ 12. Qxe7+ Nxe7 13. dxc6 Nxc6 14. Bb5 Kd7 15. c3 a6 16. Ba4 Kc7 17. Be3 Be7 18. Bb3 f6 19. Bd5 Rab8 20. b4 Ne5 21. Ke2 Rb5 22. Bb3 Rhb8 23. a3 a5 24.
Rhd1 axb4 25. axb4 R8b7 26. Bd5 Rb8 27. Ra7+ Kd8 28. h3 g5 29. f4 Ng6 30.
fxg5 fxg5 31. Bc6 Re5 32. Kf1 Nf8 33. b5 Rexb5 34. Bxb5 Rxb5 35. c4 Re5 36. c5 Re6 37. c6 Kc8 38. Bb6 1-0

[Event "Open Mancomunitat de la Ribera Alta (Sumacàrcer)"]
[Site "Sumacàrcer, Spain"]
[Date "2018.11.18"]
[Round "2.1"]
[White "Pena Riasco, Alexander"]
[Black "Plaskett, H James"]
[Result "0-1"]
[TimeControl "5m+3s"]
[WhiteElo "2039"]
[BlackElo "2490"]

1. d4 e6 2. Bf4 Nf6 3. e3 c5 4. c3 Nc6 5. Nd2 b6 6. Ngf3 Bb7 7.
Bd3 Be7 8. h3 O-O 9. O-O Rc8 10. a4 Re8 11.
Qe2 Bf8 12. Rfe1 h6 13. Rad1 d6 14. Bb1 Qe7 15. Bg3 Red8 16. e4 cxd4 17. cxd4 e5 18. d5 Nb4 19. Nh4 Ba6 20. Qf3 g6 21.
Qb3 Nbxd5 22. exd5 Nh5 23. Bd3 Bb7 24. Nhf3 Nxg3 25. fxg3 Rc5 26. Ne4 Rxd5 27. Bc4 Rxd1 28. Rxd1 Bxe4 29. Nh4 d5 30. Bb5 Kh7 31. Nf3 Bg7 32. Qe3 f5 33. Nh4 Qc5 34. Qxc5 bxc5 35. Rc1 c4 36. b3 g5 37. Nf3 cxb3 38. Nd2 Bc2 39. a5 e4 40. Ba4 Rb8 41. Bxb3 Bxb3 42. Nxb3 Rxb3 43. Rc7 Kg6 44. Kf1 Bd4 45. Ke2 Ra3 46. Rd7 Rxa5 47. Rd6+ Bf6 48. h4 gxh4 49. gxh4 f4 50. h5+ Kf5 0-1

[Event "Open Mancomunitat de la Ribera Alta (Sumacàrcer)"]
[Site "Sumacàrcer, Spain"]
[Date "2018.11.18"]
[Round "2.2"]
[White "Kovacevic, Slobodan"]
[Black "Barbero Verdu, Francisco"]
[Result "1-0"]
[TimeControl "5m+3s"]
[WhiteElo "2455"]
[BlackElo "2043"]

1. d4 Nf6 2. Nf3 b6 3. Bf4 Bb7 4. Nbd2 g6 5. e3 Bg7 6. Bd3 d6 7. h3 Nbd7 8. Qe2 c5 9. c3 Qc7 10. O-O O-O 11. Bh2 a6 12. a4 Rfe8 13. Rfd1 Qc8 14. e4 e5 15. dxe5 Nxe5 16. Nxe5 dxe5 17. Nc4 Qc7 18. f3 b5 19. axb5 axb5 20. Rxa8 Bxa8 21. Na3 c4 22. Bb1 Bc6 23. Nc2 Nd7 24. Ne3 Nc5 25. Nd5 Qb7 26. Bc2 Rd8 27. Nb4 Rd7 28. Bg3 Ne6 29. Kh2 Nf4 30. Qe3 Rxd1 31. Bxd1 Qd7 32. Bc2 Bh6 33. Qe1 Bb7 34. b3 Nd3 35. Qd1 Nc5 36. bxc4 bxc4 37. Bxe5 Qxd1 38. Bxd1 Bd2 39. Be2 Na4 40. Na2 Ba6 41. Kg3 Kf8 42. Bd6+ Ke8 43. Bb4 Kd7 44. Kf2 Ke6 45. Bd1 Nb2 46. Bc2 Nd3+ 47. Ke2 Nxb4 48. Nxb4 Bxc3 49. Nxa6 f5 50. exf5+ gxf5 51. Nc7+ Ke5 52. Nb5 Bb4 53.
g3 h5 54. f4+ Kf6 55. Nd4 Bc5 56.
Nxf5 Bb6 57. Kf3 Bc5 58. Bb1 c3 59. Bc2 Bb6 60. Nd6 Ba5 61. Ke2 Bb6 62. Ne4+ Ke7 63. Nxc3 Bd4 64. Ne4 Kf7 65. Kf3 Kg7 66. Nd6 Kh8 67. Bg6 h4 68. g4 Bb2 69. Nf5 Kg8 70. Nxh4 Kg7 71. Bd3 Bf6 72.
Nf5+ Kf7 73. g5 Bb2 74. h4 Kg8 75. Kg4 Bc1 76. h5 Kh8 77. h6 Kg8 78. g6 1-0

[Event "Open Mancomunitat de la Ribera Alta (Sumacàrcer)"]
[Site "Sumacàrcer, Spain"]
[Date "2018.11.18"]
[Round "2.3"]
[White "Pedros Viudes, Santiago"]
[Black "Campos Gambuti, Luis Maria"]
[Result "0-1"]
[TimeControl "5m+3s"]
[WhiteElo "2009"]
[BlackElo "2432"]

1. d4 d5 2. Nf3 c5 3. e3 Nc6 4. b3 Bg4 5. Be2 Nf6 6. O-O e6 7. Bb2 Bd6 8. Ne5 Bxe2 9.
Qxe2 Qc7 10. f4 cxd4 11. exd4 O-O 12. Nd2 Rac8 13. Rac1 Qa5 14. a4 Bb4 15. Ndf3 Bc3 16. Nxc6 Rxc6 17. Bxc3 Qxc3 18. Ne5 Qxd4+ 19. Qf2 Qxf2+ 20. Rxf2 Rc3 21. Rf3 Rfc8 22. Kf1 Rxc2 0-1

[Event "Open Mancomunitat de la Ribera Alta (Sumacàrcer)"]
[Site "Sumacàrcer, Spain"]
[Date "2018.11.18"]
[Round "2.4"]
[White "Granero Roca, Antonio"]
[Black "Cortes Marti, Javier"]
[Result "1-0"]
[TimeControl "5m+3s"]
[WhiteElo "2372"]
[BlackElo "2027"]

1. d4 Nf6 2. c4 c5 3. d5 b5 4. cxb5 a6 5. b6 g6 6. Nc3 Qxb6 7. e4 Bg7 8. Nf3 d6 9. Nd2 O-O 10. Be2 Bb7 11.
O-O Nbd7 12. a4 Qc7 13. a5 e6 14. Nc4 exd5 15. exd5 Rae8 16. Bf4 Ne5 17. Nxe5 dxe5 18. Be3 Rd8 19. Bc4 Kh8 20. h3 Qd6 21. Qb3 Rb8 22. Qa3 Rfc8 23. Rad1 Bf8 24. Rfe1 Ba8 25. Bg5 Rb4 26. b3 Bg7 27.
Qc1 Re8 28. Bh6 Rbb8 29. Bxg7+ Kxg7 30. Qe3 Rbc8 31. Na4 Bb7 32. Nb6 Rc7 33. Qe2 Nd7 34. Bxa6 Nxb6 35. axb6 Qxb6 36. Bc4 Qd6 37. Rd2 e4 38. Qe3 f5 39. Ra1 1-0

[Event "Open Mancomunitat de la Ribera Alta (Sumacàrcer)"]
[Site "Sumacàrcer, Spain"]
[Date "2018.11.18"]
[Round "2.5"]
[White "Cruz Lledo, Pablo"]
[Black "Reig Albero, Ferran"]
[Result "1-0"]
[TimeControl "5m+3s"]
[WhiteElo "2335"]
[BlackElo "1963"]

1. d4 Nf6 2. c4 e6 3. Nc3 d5 4. Bg5 Nbd7 5. e3 Bb4 6. Qc2 c5 7. Rd1 Qa5 8. cxd5 Nxd5 9. Nge2 Qxa2 10. dxc5 Nxc5 11.
e4 Nxe4 12. Qxe4 Qxb2 13. Rxd5 Bxc3+ 14. Nxc3 Qxc3+ 15. Bd2 Qa1+ 16. Ke2 O-O 17. Rd3 e5 18. Bc3 Qa6 19. Ke1 Be6 20. Be2 Bc4 21. Rd2 Rac8 22. g4 Bxe2 23. Qxe5 Rxc3 24. Qxc3 Bxg4 25. f3 Re8+ 26. Kf2 Bh5 27. Rd3 {Bandera} 1-0

[Event "Open Mancomunitat de la Ribera Alta (Sumacàrcer)"]
[Site "Sumacàrcer, Spain"]
[Date "2018.11.18"]
[Round "2.6"]
[White "Roca Cruz, Rafael"]
[Black "Garcia Vasquez, Jhoel"]
[Result "0-1"]
[TimeControl "5m+3s"]
[WhiteElo "1941"]
[BlackElo "2298"]

1. d4 Nf6 2. c4 e6 3. Nc3 Bb4 4. e3 b6 5. Nge2 Bb7 6. a3 Be7 7. d5 a5 8. e4 exd5 9. exd5 Na6 10. Ng3 O-O 11. Be2 Nc5 12.
O-O Re8 13. Nf5 Nfe4 14. Nxe4 Nxe4 15. Qd3 Bf6 16. Bf3 Nd6 17. Nxd6 cxd6 18. Rb1 a4 19. b4 axb3 20. Rxb3 Ba6 21. Be3 Rb8 22. Rfb1 Qc7 23. Be2 Rec8 24. Rxb6 Rxb6 25.
Rxb6 Ra8 26. Qb3 g6 27. g3 h5 28. Qb4 Be5 29. f4 Bg7 30. Qxd6 Qc8 31. Bc5 Qe8 32. Rxa6 Rxa6 33. Qxa6 Qxe2 34. Qc8+ Kh7 35. Qxd7 h4 36.
Qxf7 h3 0-1

[Event "Open Mancomunitat de la Ribera Alta (Sumacàrcer)"]
[Site "Sumacàrcer, Spain"]
[Date "2018.11.18"]
[Round "2.7"]
[White "Ibanez Aullana, Ramon"]
[Black "Bru Company, Francesc E."]
[Result "1-0"]
[TimeControl "5m+3s"]
[WhiteElo "2282"]
[BlackElo "1930"]

1. c4 Nf6 2. Nc3 e6 3.
e4 d6 4. d4 c6 5. f4 Be7 6. e5 Nfd7 7. Nf3 d5 8. Be3 dxc4 9. Bxc4 Nb6 10. Bd3 Nd5 11. Nxd5 cxd5 12. O-O Nc6 13. a3 O-O 14. Qc2 g6 15. Rf2 Bd7 16. Raf1 Rc8 17. Qb1 Na5 18. g3 Nc4 19. Bc1 Qb6 20. h4 a6 21. h5 Bb5 22. hxg6 hxg6 23. Bxg6 Nxa3 24. bxa3 Rc6 25. Bd3 Bxd3 26.
Qxd3 Qb5 27. Qe3 Qc4 28. f5 exf5 29.
Qf4 f6 1-0

[Event "Open Mancomunitat de la Ribera Alta (Sumacàrcer)"]
[Site "Sumacàrcer, Spain"]
[Date "2018.11.18"]
[Round "3.1"]
[White "Plaskett, H James"]
[Black "Galvan, Jesus"]
[Result "1-0"]
[TimeControl "5m+3s"]
[WhiteElo "2490"]
[BlackElo "2254"]

1. d4 d6 2. e4 Nf6 3. Nc3 c6 4. f3 e5 5. Nge2 Nbd7 6. Be3 Be7 7. Qd2 b5 8. Ng3 g6 9. a3 Bb7 10. Be2 h5 11. O-O h4 12. Nh1 Nh5 13. Rad1 a6 14. Nf2 Qc7 15. d5 c5 16. a4 b4 17. Nb1 O-O 18. Nd3 a5 19. c4 bxc3 20. Nxc3 Ba6 21. Rc1 Rab8 22. Nb5 Bxb5 23. axb5 Rxb5 24. Nxe5 Rb4 25. Nc6 Bf6 26. Nxb4 axb4 27. f4 Ng7 28. b3 Re8 29. Qxb4 Nf5 30.
Bf2 Rb8 31. Qd2 Nd4 32. Bxd4 Bxd4+ 33. Qxd4 Rxb3 34. Qd2 Qb6 35. Bc4 Rb2 36. Qc3 Rb4 37. e5 Qd8 38.
e6 Nf6 39. Rce1 Qe7 40. exf7+ Qxf7 41.
Re6 Ng4 42. Rfe1 Rb8 43. Qf3 Nh6 44. Qe4 Nf5 45. Bf1 Kg7 46.
Re7 Nxe7 47. Qxe7 Rb7 48. Qxd6 c4 49.
Qe5+ Kh7 50. d6 c3 51. Qxc3 Qxf4 52. Re7+ Rxe7 53. dxe7 Qe4 54.
Qc5 h3 55. gxh3 Qe6 56. Qg5 Qb6+ 57. Kg2 Qc6+ 58. Kf2 Qc2+ 59.
Be2 1-0

[Event "Open Mancomunitat de la Ribera Alta (Sumacàrcer)"]
[Site "Sumacàrcer, Spain"]
[Date "2018.11.18"]
[Round "3.2"]
[White "Toledano Llinares, Juan A."]
[Black "Kovacevic, Slobodan"]
[Result "1-0"]
[TimeControl "5m+3s"]
[WhiteElo "2258"]
[BlackElo "2455"]

1. f4 d5 2. Nf3 c5 3. b3 Nc6 4. e3 a6 5. Bb2 Bf5 6. Be2 h6 7. O-O Nf6 8. Ne5 Rc8 9. d3 e6 10. Nd2 Be7 11. Nxc6 Rxc6 12. c4 O-O 13. Nf3 Rc8 14. Ne5 Bh7 15.
Bf3 Bf5 16. Be2 Bh7 17. Bf3 Bd6 18. Re1 Rc7 19. Qe2 Re8 20. Rad1 Qe7 21. Qf2 Rd8 22. Qh4 b5 23. Ng4 Nxg4 24. Qxg4 f5 25. Qg3 Qf7 26. Kh1 Rcd7 27. h3 Bc7 28. cxd5 exd5 29. a4 b4 30. Be2 a5 31. Rc1 Bd6 32. d4 Rc7 33. dxc5 Rxc5 34. Rxc5 Bxc5 35. Rc1 Bf8 36. Rc6 Re8 37. Bd4 Re6 38. Rc2 Bg6 39. Qh4 Re8 40. Bb5 Re7 41. Rc8 Rc7 42. Qd8 Rxc8 43. Qxc8 Kh7 44. Kh2 Be7 45. Bd7 {Bandera} 1-0

[Event "Open Mancomunitat de la Ribera Alta (Sumacàrcer)"]
[Site "Sumacàrcer, Spain"]
[Date "2018.11.18"]
[Round "3.3"]
[White "Campos Gambuti, Luis Maria"]
[Black "Gavarrete, Nahun"]
[Result "1-0"]
[TimeControl "5m+3s"]
[WhiteElo "2432"]
[BlackElo "2200"]

1. Nf3 Nf6 2. b3 g6 3. Bb2 Bg7 4. g3 O-O 5. Bg2 c5 6. O-O Nc6 7. c4 d5 8. cxd5 Qxd5 9. Ne5 Qd6 10. Nxc6 bxc6 11. d3 a5 12.
Nd2 Be6 13. Rc1 a4 14. Bxf6 exf6 15. Ne4 Qe7 16. Nxc5 axb3 17. Nxe6 fxe6 18. Qxb3 Ra3 19. Qc4 c5 20. e3 Rd8 21. Rfd1 f5 22. Bf1 Kf7 23. Rd2 Rda8 24. Qxc5 Qxc5 25. Rxc5 Rxa2 26. Rc7+ Kf6 27. Rxa2 Rxa2 28. d4 h6 29. h4 Rb2 30. Rc6 Rb7 31. Bc4 Re7 32. d5 g5 33. h5 f4 34. g4 fxe3 35. fxe3 Ke5 36. dxe6 Ke4 37. Kf2 Re8 38. Rc7 Be5 39. Rf7 Rc8 40. e7 Bd6 41. Bb5 Rc2+ 42. Kf1 Bxe7 43. Rxe7+ Kf3 44. Rf7+ Kxg4 45. Be2+ Kg3 46. Rf3+ Kh4 47. e4 Rb2 48. e5 g4 49. Rf4 Kg5 50. Rxg4+ Kf5 51. Rg6 Kxe5 52. Kf2 Kf4 53. Rxh6 Ra2 54. Rc6 Rb2 55. h6 Rb7 56.
Bd3 Rb2+ 57. Bc2 Ra2 58. h7 Ra8 59. Rg6 Rc8 60. Bb1 Rb8 61.
Bd3 Rd8 62. Rg8 1-0

[Event "Open Mancomunitat de la Ribera Alta (Sumacàrcer)"]
[Site "Sumacàrcer, Spain"]
[Date "2018.11.18"]
[Round "3.4"]
[White "Serarols Mabras, Bernat"]
[Black "Granero Roca, Antonio"]
[Result "1-0"]
[TimeControl "5m+3s"]
[WhiteElo "2191"]
[BlackElo "2372"]

1. d4 Nf6 2. c4 g6 3. Nc3 Bg7 4. Nf3 O-O 5. Bf4 d6 6.
e3 Nbd7 7. Be2 c5 8. d5 a6 9. a4 b6 10. O-O Rb8 11. h3 Ne8 12. e4 Nc7 13. Bd3 f6 14. Qd2 Ne5 15. Nxe5 fxe5 16.
Bg5 Bd7 17. b3 Rf7 18. Rfb1 Qf8 19. a5 b5 20. b4 bxc4 21. Bxc4 Rxb4 22. Rxb4 cxb4 23. Na4 Bb5 24.
Bxb5 Nxb5 25. Be3 Nd4 26.
Rb1 b3 27. Nb6 Qe8 28. Qd3 Qf8 29. Qxa6 Bh6 30. Bxd4 exd4 31. Qc8 Rxf2 32. Qxf8+ Rxf8 33. Rxb3 Bd2 34. a6 Be3+ 35. Kh2 d3 36. Nc4 Bf4+ 37. g3 Bh6 38. a7 d2 39. Nxd2 Be3 40. Nc4 Bd2 1-0

[Event "Open Mancomunitat de la Ribera Alta (Sumacàrcer)"]
[Site "Sumacàrcer, Spain"]
[Date "2018.11.18"]
[Round "3.5"]
[White "Torres Sanchez, Jose"]
[Black "Cruz Lledo, Pablo"]
[Result "0-1"]
[TimeControl "5m+3s"]
[WhiteElo "2183"]
[BlackElo "2335"]

1. e4 c6 2. Nf3 d5 3. Nc3 g6 4. d4 Bg7 5. h3 dxe4 6. Nxe4 Nf6 7. Nxf6+ exf6 8. Bf4 O-O 9. Qd2 Re8+ 10. Be2 Qd5 11. O-O Bf5 12.
Rfe1 Qd7 13. Bd3 Bxd3 14. Qxd3 Na6 15. c4 Nc7 16. Rad1 Ne6 17. Be3 b6 18. d5 cxd5 19. cxd5 Nd8 20. Bf4 Nb7 21. b4 a5 22. a3 axb4 23.
axb4 Bf8 24. Qd4 Rxe1+ 25. Rxe1 Bd6 26. Bh6 Be7 27. Qxb6 Nd6 28. Qc6 Rd8 29. Nd4 Nc8 30. Qxd7 Rxd7 31. Nc6 f5 32. d6 Nxd6 33. Nxe7+ Kh8 34. Rd1 f6 35. Nc8 g5 36. Rxd6 Rc7 37. Rd8# 0-1

[Event "Open Mancomunitat de la Ribera Alta (Sumacàrcer)"]
[Site "Sumacàrcer, Spain"]
[Date "2018.11.18"]
[Round "3.6"]
[White "Garcia Vasquez, Jhoel"]
[Black "Montalban Galvez, Antoni"]
[Result "1/2-1/2"]
[TimeControl "5m+3s"]
[WhiteElo "2298"]
[BlackElo "2172"]

1. d4 Nf6 2. c4 g6 3. Nc3 Bg7 4. e4 d6 5. Nf3 O-O 6. Be2 Bg4 7.
Be3 Nfd7 8. h3 Bxf3 9. Bxf3 Nc6 10. Ne2 e5 11. d5 Ncb8 12. g4 a5 13. Ng3 Na6 14. h4 Nac5 15. Kf1 Rb8 16.
a4 Qe7 17. Kg2 c6 18. h5 cxd5 19. cxd5 b5 20. axb5 Rxb5 21. Ra2 Rfb8 22. Qe2 Bf6 23. Rha1 Bg5 24. Bxg5 Qxg5 25. Qc2 Nf6 26. Be2 Rb4 27.
hxg6 hxg6 28. Rxa5 Rxb2 29. Qc4 Nxg4 30. Ra8 Nf6 31. Rxb8+ Rxb8 32. Bf3 Qd2 33. Rd1 Qb4 34. Qe2 Qb2 35. Rd2 Qb5 36. Qe1 Qb1 37. Rd1 Qb4 38. Qe3 Kg7 39. Rh1 Rh8 40.
Rxh8 Kxh8 41. Qh6+ Kg8 42. Nf5 gxf5 43. Qg5+ Kf8 44. Qxf6 Nxe4 45. Qxf5 Nc3 46. Bh5 Qe4+ 47. Qxe4 Nxe4 48. Bf3 Nc5 49. Kg3 Kg7 50. Bg4 f6 51. f4 Kg6 52.
fxe5 fxe5 53. Kf3 Kg5 54. Bh3 Nd3 55. Be6 Nf4 56. Bg8 Ng6 57. Ke4 Ne7 58. Be6 Kf6 59.
Bh3 Ng8 60. Be6 Nh6 61. Kd3 Nf5 62. Ke4 Nd4 63. Bg8 Nb3 64. Ke3 Nc5 65. Kf3 Kg5 66. Ke3 Kg4 67. Be6+ Kg3 68. Bg8 Kg4 69. Bh7 Kg5 70.
Bg8 Kg4 71. Bh7 Kg5 72. Bg8 Kg4 1/2-1/2

[Event "Open Mancomunitat de la Ribera Alta (Sumacàrcer)"]
[Site "Sumacàrcer, Spain"]
[Date "2018.11.18"]
[Round "3.7"]
[White "Huerta Martinez, Alberto"]
[Black "Ibanez Aullana, Ramon"]
[Result "0-1"]
[TimeControl "5m+3s"]
[WhiteElo "2137"]
[BlackElo "2282"]

1. g4 c5 2. Bg2 Nc6 3.
c4 d6 4.
h3 h5 5. g5 h4 6. g6 fxg6 7.
Qc2 Bf5 8. e4 Nd4 9. Qd3 Bd7 10.
Nf3 Nxf3+ 11. Bxf3 Nh6 12. e5 Bf5 13. Qd5 Rb8 14. e6 Qc8 15. d4 Qxe6+ 16. Qxe6 Bxe6 17. d5 Bd7 18. Nc3 Nf5 19. Be4 b5 20. cxb5 Bxb5 21. Nxb5 Rxb5 22. Rg1 Rb4 23. Bb1 Kf7 24. a3 Rd4 25. Ke2 c4 26. Bxf5 gxf5 27. Be3 Rxd5 28. Bxa7 g6 29. Rac1 Bg7 30. Rxc4 Bxb2 31. a4 Ra8 32. Rc7 Re5+ 33. Kd3 Ra5 34. Rb1 R8xa7 35. Rxa7 Rxa7 36. Rxb2 Rxa4 37.
Rb7 Ra3+ 38. Kd4 Rxh3 39. f4 Rf3 40. Kd5 Rxf4 41. Rxe7+ Kxe7 0-1

[Event "Open Mancomunitat de la Ribera Alta (Sumacàrcer)"]
[Site "Sumacàrcer, Spain"]
[Date "2018.11.18"]
[Round "4.1"]
[White "Toledano Llinares, Juan A."]
[Black "Plaskett, H James"]
[Result "1/2-1/2"]
[TimeControl "5m+3s"]
[WhiteElo "2258"]
[BlackElo "2490"]

1. f4 g6 2. Nf3 Bg7 3. e3 d6 4. Be2 Nf6 5. d4 c5 6. dxc5 Qa5+ 7. Nc3 Ne4 8. Bd2 Nxc3 9. bxc3 Qxc5 10. Nd4 O-O 11. O-O Nd7 12. Bf3 Nb6 13. Rb1 d5 14. Kh1 Bd7 15. e4 dxe4 16. Bxe4 Rab8 17. Qf3 Nc4 18. Bc1 b6 19. Rd1 Rbd8 20. Be3 Nxe3 21. Qxe3 Bg4 22. Rd2 Rc8 23. h3 Bd7 24. Rd3 Rc7 25. Rbd1 Ba4 26. f5 Rfc8 27. fxg6 hxg6 28. Qf3 Be8 29. Ne2 Qe5 30. Rd8 Bf6 31. Bb7 Kg7 32. Bxc8 Bc6 33. Qf2 e6 34. Ba6 Bxd8 35. Rxd8 Bd5 36. Qd4 Qxd4 37. Nxd4 Rxc3 38. Bd3 Bxa2 39. Rd7 a5 40. Rb7 Bd5 41. Rxb6 a4 42.
Ra6 e5 43. Nb5 Rc5 44. Rxa4 e4 45.
Bf1 Rxc2 46. Kh2 e3 47.
Nd4 Rf2 48. Kg1 Kf6 49. Ra3 Rd2 50. Ne2 Kg7 51. Rxe3 f5 52. Nc3 Bf7 53. Be2 Kf6 54. Bf3 g5 55. g4 Be6 56.
gxf5 Bxf5 57. Ne4+ Bxe4 58. Bxe4 Rb2 59. Bf3 Rd2 60.
Bg4 Rb2 61. Re2 Rxe2 62. Bxe2 Kg7 63. Kf2 Kh8 64. Kg3 Kg7 65. Kg4 Kh8 66. Kh5 Kg7 67. Bc4 Kh8 68. Kg4 Kg7 69. Kf5 Kh8 70. Kf6 Kh7 71. Be6 Kh8 72. Kg6 g4 73. h4 g3 74.
Bd5 g2 1/2-1/2

[Event "Open Mancomunitat de la Ribera Alta (Sumacàrcer)"]
[Site "Sumacàrcer, Spain"]
[Date "2018.11.18"]
[Round "4.2"]
[White "Torres Sanchez, Jose"]
[Black "Campos Gambuti, Luis Maria"]
[Result "1-0"]
[TimeControl "5m+3s"]
[WhiteElo "2183"]
[BlackElo "2432"]

1. e4 Nf6 2. e5 Nd5 3. d4 d6 4.
c4 Nb6 5. exd6 cxd6 6. Nc3 g6 7. Be3 Bg7 8. Rc1 O-O 9. b3 Bf5 10. Nf3 Bg4 11. Be2 d5 12. c5 Nc8 13.
Ne5 Bxe2 14. Nxe2 Qa5+ 15. Qd2 Qxd2+ 16. Bxd2 e6 17. O-O Ne7 18. f4 a5 19. Nc3 Nbc6 20. Nb5 Nf5 21. Bc3 Nb4 22. a3 Na2 23. Rc2 Nxc3 24. Rxc3 h5 25.
Rd1 Rfc8 26. g3 Ra6 27. Kf2 Ne7 28. h3 Nc6 29. Ke3 Bf8 30. Nd7 Na7 31. a4 Nc6 32. g4 hxg4 33. hxg4 Bg7 34. g5 Rd8 35. Nf6+ Kf8 36. Rh1 Ne7 37. Kd3 Nf5 38. Rhc1 Rc6 39. Na7 Ra6 40. Nb5 Rc6 41. Na7 Ra6 42. Nb5 Ke7 43. c6 bxc6 44. Rxc6 Rxc6 45. Rxc6 Bxf6 46. Rc7+ Rd7 47. gxf6+ Kd8 48. Rc6 Nd6 49. Rxd6 1-0

[Event "Open Mancomunitat de la Ribera Alta (Sumacàrcer)"]
[Site "Sumacàrcer, Spain"]
[Date "2018.11.18"]
[Round "4.3"]
[White "Ibanez Aullana, Ramon"]
[Black "Serarols Mabras, Bernat"]
[Result "1-0"]
[TimeControl "5m+3s"]
[WhiteElo "2282"]
[BlackElo "2191"]

1. c4 e6 2. Nf3 d5 3. g3 Nf6 4. Bg2 d4 5. O-O c5 6. b4 cxb4 7. a3 a5 8. Bb2 Nc6 9. d3 e5 10. e3 dxe3 11. fxe3 e4 12. Ng5 Qxd3 13. Nxe4 Qxe3+ 14. Nf2 Be6 15.
Re1 Qb6 16. Nd2 Bc5 17. Re2 Bxf2+ 18. Rxf2 Ng4 19. c5 Qxc5 20.
Ne4 Nxf2 21. Nxc5 Nxd1 22. Rxd1 O-O 23. Nxb7 Rac8 24. Nd6 Rc7 25. Nb5 Rcc8 26. Nd6 Rc7 27. Rc1 Rd8 28. Nb5 Rcc8 29. Bxc6 bxa3 30. Bxa3 Bd5 31. Nd4 Bxc6 32. Nxc6 Rxc6 33. Rxc6 Rd1+ 34. Kf2 h6 35. Rc8+ Kh7 36. Rc7 Kg6 37. Rc6+ f6 38. Bc1 a4 39. h4 Rd3 40. Ra6 Rc3 41. Bd2 Rc2 42. Ke3 Ra2 43. Bc3 Ra3 44. Kd2 Ra2+ 45. Kd3 Rg2 46. Be1 Ra2 47. Bd2 Kf5 48. Ra7 g5 49. Rh7 gxh4 50. gxh4 Ra3+ 51. Ke2 Rb3 52. Rxh6 a3 53. Rh8 a2 54. Ra8 Rh3 55. Be1 Rh2+ 56. Bf2 Kg4 57. Rxa2 f5 58. Ra8 Kf4 59. Rg8 Ke4 60. Re8+ Kf4 61. Kf1 Rh3 62. Kg2 Ra3 63. Rg8 Ra2 64.
h5 Ra6 65. Rg6 Ra8 66. h6 Rh8 67. Bh4 Ra8 68. Bf6 Ra2+ 69. Kh3 Ra3+ 70. Kh4 Ra2 71. Kh5 Ra7 72. Bg5+ Kf3 73. Rg7 Ra1 74. h7 Rh1+ 75. Bh4 1-0

[Event "Open Mancomunitat de la Ribera Alta (Sumacàrcer)"]
[Site "Sumacàrcer, Spain"]
[Date "2018.11.18"]
[Round "4.4"]
[White "Kovacevic, Slobodan"]
[Black "Garcia Vasquez, Jhoel"]
[Result "1-0"]
[TimeControl "5m+3s"]
[WhiteElo "2455"]
[BlackElo "2298"]

1. d4 Nf6 2. Nf3 d5 3. Bf4 c5 4.
e3 Nc6 5. c3 Qb6 6. Qb3 c4 7. Qc2 Bf5 8. Qc1 e6 9. Nbd2 Be7 10. Be2 Qd8 11. Bd1 b5 12. a3 a5 13. Bc2 O-O 14. O-O Qb6 15. Re1 Ne4 16. Nxe4 Bxe4 17. Bxe4 dxe4 18. Nd2 f5 19. a4 Rfc8 20. Qc2 Bf8 21. axb5 Qxb5 22. Ra4 Ne7 23. Rea1 Nd5 24. Be5 Be7 25. h3 Bd8 26. Bd6 Bb6 27. R1a2 Ra7 28. Qd1 Rd7 29. Be5 Ra7 30. Qf1 Bd8 31. Nxc4 Nb6 32. Nxb6 Qxb6 33.
c4 Qc6 34. c5 Rb7 35. Qc4 Kf7 36. b4 axb4 37. Rxb4 Rxb4 38. Qxb4 Be7 39. Ra7 Ra8 40. Rc7 Qd5 41. Bxg7 f4 42. Qb7 Ra1+ 43. Kh2 Qxb7 44. Rxb7 Ke8 45. exf4 Bh4 46. g3 e3 47. fxe3 Ra2+ 48. Kh1 Bxg3 49. Be5 h5 50. h4 Bxh4 51. c6 Rc2 52. Rb8+ Ke7 53. c7 Kd7 54. Rh8 Rc1+ 55. Kg2 Rc2+ 56. Kh3 Be7 57. Rxh5 Rc3 58. Rh7 Rxe3+ 59. Kg4 Re1 60. Rxe7+ 1-0